 Dungeon Crawl Stone Soup version 0.32-a0-768-g0f6f1dd4b9 (webtiles) character file.

Game seed: 1443291197656997999

303 mopl the Ruffian (level 6, -3/41 HPs)
             Began as an Octopode Shapeshifter on Mar 16, 2024.
             Was an Initiate of Nemelex Xobeh.
             Slain by an orc
             ... wielding a +0 mace
              (9 damage)
             ... on level 2 of the Dungeon on Mar 18, 2024.
             The game lasted 00:05:12 (1777 turns).

mopl the Ruffian (Octopode Shapeshifter)            Turns: 1777, Time: 00:05:13

Health: -3/41      AC:  1    Str: 14    XL:     6   Next: 38%
Magic:  6/6        EV: 13    Int: 12    God:    Nemelex Xobeh [......]
Gold:   78         SH:  0    Dex: 13    Spells: 5/5 levels left

rFire   . .          .
                       - Unarmed
rCold   . . .        (no shield)
rNeg    . . .        (helmet currently unavailable)
rPois   .            (no amulet)
rElec   .            (no ring)
rCorr   .            (no ring)
SInv    .            (no ring)
Will    .....        (no ring)
Stlth   ++           (no ring)
HPRegen 0.26/turn    (no ring)
MPRegen 0.10/turn    (no ring)
                     (no ring)

%: no passive effects
@: beast-form
A: beast (slay +2), almost no armour, amphibious, 8 rings, camouflage 1,
gelatinous body 1, (nimble swimmer 1), tentacles
a: Begin Untransformation, Renounce Religion, Draw Escape, Draw Destruction,
Draw Summoning


You were on level 2 of the Dungeon.
You worshipped Nemelex Xobeh.
Nemelex Xobeh was noncommittal.
You were a hulking beast.
You visited 1 branch of the dungeon, and saw 3 of its levels.

You collected 78 gold pieces.

Inventory:

Hand Weapons
 h - a +2 short sword of venom
Missiles
 g - 45 stones (quivered)
Talismans
 b - a beast talisman (active)
 c - a flux talisman
Scrolls
 e - a scroll of amnesia {unknown}
 i - a scroll of fog {unknown}
 k - 2 scrolls of identify {unknown}
Potions
 a - 2 potions of lignification {!q}
 d - a potion of heal wounds {unknown}
 f - 3 potions of haste {unknown}
 j - 3 potions of ambrosia {unknown}
 l - a potion of might {unknown}


   Skills:
 + Level 2.5 Fighting
 + Level 3.1 Dodging
 * Level 4.7 Unarmed Combat
 + Level 0.0 Invocations
 * Level 4.4 Shapeshifting


You had 5 spell levels left.
You didn't know any spells.
Your spell library contained the following spells:

 Spells                   Type           Power      Damage    Failure   Level
 Ensorcelled Hibernation  Hex/Ice        0%         N/A       45%         2
 Fugue of the Fallen      Necr           0%         N/A       69%         3
 Anguish                  Hex/Necr       0%         N/A       97%         4


Dungeon Overview and Level Annotations

Branches:
Dungeon (3/15)

Altars:
Nemelex Xobeh

Shops:
D:2 [


Innate Abilities, Weirdness & Mutations

You are a hulking beast.
Your limbs bulge with bestial killing power. (Slay +2)
You cannot wear most types of armour.
You are amphibious.
You can wear up to eight rings at the same time.
Your skin changes colour to match your surroundings (Stealth+).
Your rubbery body absorbs attacks. (AC +1, EV +1)
((You are camouflaged when in or above water. (Stealth+)))
You have tentacles for arms and can constrict up to eight enemies at once.


Message History

Found a stone staircase leading up.
There is a stone staircase leading up here.
There are monsters nearby!
The orc priest calls down the wrath of Beogh upon you.
You barely resist.
The orc priest invokes the aid of Beogh against you.
Beogh smites you! The orc priest closely misses you.
The orc priest hits you with a +0 whip. The orc closely misses you.
The orc hits you with a +0 mace.
You climb upwards.
There is a stone staircase leading down here.
Unknown command.
You barely miss the orc priest. You grab the orc priest.
You constrict the orc priest.
Unknown command.
You barely miss the orc priest. Your grab misses the orc priest.
You squeeze the orc priest.
The orc priest is lightly wounded.
You constrict the orc priest.
The orc priest calls upon Beogh to heal the orc priest.
The orc priest's wounds heal themselves!
The orc closely misses you.
The orc priest mumbles some strange prayers to Beogh against you.
Pain shoots through your body! The orc hits you with a +0 mace.
You tentacle-slap the orc priest but do no damage.
Your grab misses the orc priest. You constrict the orc priest.
The orc priest hits you with a +0 whip. The orc closely misses you.
The orc priest closely misses you. The orc barely misses you.
Unknown command.
You tentacle-slap the orc priest. Your grab misses the orc priest.
The orc priest is lightly wounded.
You constrict the orc priest.
You kill the orc priest!
The orc priest hits you with a +0 dagger.
* * * LOW HITPOINT WARNING * * *
The orc hits you with a +0 mace.
* * * LOW HITPOINT WARNING * * *
The orc hits you with a +0 mace!
You die...
Your body disappears without a glow.

###...........รท.........#########
######..#######........## ######
.....##.....##..........# ##.....
#.##.######.............# #..##..
..##...<.)..#...........###.....#
..#########.............##.....##
..# ####.....)....#.......#
..#############.)o..............#
............[..oho...............
..###################..###.....#.
### #######..####.....##
#####.......## #.......#
##.....####### #.......#
###..##### #.......# ###...##
##.....## #####...### ##...##
...##.### ###.###


You could see an orc priest and 2 orcs.

Vanquished Creatures
  Sigmund (D:2)
  Crazy Yiuf (D:2)
  An orc priest (D:2)
  2 adders (D:2)
  4 gnolls
  3 dart slugs
  2 ribbon worms (D:2)
  5 endoplasms
  5 goblins
  6 hobgoblins
  4 jackals (D:2)
  6 kobolds
  A quokka (D:1)
  2 ball pythons (D:1)
  3 bats
  3 frilled lizards
  6 rats
55 creatures vanquished.

Notes
Turn   | Place    | Note
-------+----------+-------------------------------------------
     0 | D:1      | mopl the Octopode Shapeshifter began the quest for the Orb.
     0 | D:1      | Reached XP level 1. HP: 13/13 MP: 1/1
    47 | D:1      | Reached XP level 2. HP: 7/18 MP: 2/2
    92 | D:1      | Upgraded the game from 0.32-a0-732-ga344392067 to
                  | 0.32-a0-747-gc8563f6773
   438 | D:1      | Reached XP level 3. HP: 22/23 MP: 3/3
  1031 | D:2      | Found Bynebruife's Armour Boutique.
  1110 | D:2      | Reached XP level 4. HP: 20/28 MP: 4/4
  1200 | D:2      | Found a sparkling altar of Nemelex Xobeh.
  1206 | D:2      | Identified the +0 robe of the Harvest Moon {+Blink rC+}
  1236 | D:2      | Upgraded the game from 0.32-a0-747-gc8563f6773 to
                  | 0.32-a0-768-g0f6f1dd4b9
  1242 | D:2      | Noticed Sigmund
  1248 | D:2      | Killed Sigmund
  1249 | D:2      | Reached skill level 2 in Fighting
  1249 | D:2      | Reached skill level 3 in Dodging
  1249 | D:2      | Reached skill level 4 in Unarmed Combat
  1249 | D:2      | Reached skill level 4 in Shapeshifting
  1249 | D:2      | Reached XP level 5. HP: 21/35 MP: 5/5
  1249 | D:2      | Reached XP level 6. HP: 24/40 MP: 6/6
  1669 | D:2      | Found a runed translucent door.
  1670 | D:2      | Noticed Crazy Yiuf
  1676 | D:2      | Killed Crazy Yiuf
  1750 | D:2      | Became a worshipper of Nemelex Xobeh the Trickster
  1777 | D:2      | Slain by an orc

Illustrated notes

Levels and vault maps discovered:
D:1:      dpeg_arrival_morbid_curiosity, layout_basic,
          amcnicky_mini_corridor_feature
D:2:      layout_rooms, serial_shops, nicolae_shop_tiny_glass, basic_altar,
          uniq_sigmund, uniq_crazy_yiuf_cottage
D:3:      layout_rooms, mainiacjoe_overflow_paths, lemuel_crystal_altar,
          mainiacjoe_overflow_swirl, shapermc_ecumenical_altar_venn,
          kennysheep_path_1, uniq_natasha

Skill      XL: |  1  2  3  4 |
---------------+-------------+-----
Fighting       | 2 |  2.5
Dodging        | 3 |  3.1
Unarmed Combat | 4 |  4.7
Shapeshifting  | 4 |  4.4

Action                     |  1- 3 |  4- 6 || total
---------------------------+-------+-------++-------
  Melee: Unarmed           |    52 |    33 ||    85
         Constrict         |    15 |    13 ||    28
         Tentacles         |    14 |    13 ||    27
         Punch             |     1 |     1 ||     2
   Stab: Sleeping          |     3 |       ||     3
 Armour: Skin              |    23 |    27 ||    50
  Dodge: Dodged            |    35 |    28 ||    63

Table legend: (Time is in decaauts)
 A = Elapsed time spent in this place.
 B = Non-inter-level travel time spent in this place.
 C = Inter-level travel time spent in this place.
 D = Time resting spent in this place.
 E = Time spent auto-exploring this place.
 F = Levels seen in this place.
 G = Mean time per level.
                   A        B        C        D        E       F      G
               +--------+--------+--------+--------+--------+-----+--------+
         Total |   1773 |   1577 |    196 |    149 |   1107 |   3 |  591.0 |
       Dungeon |   1773 |   1577 |    196 |    149 |   1107 |   3 |  591.0 |
               +--------+--------+--------+--------+--------+-----+--------+

Top non-repeatable levels by time:
     D:1: 1164 daAuts
     D:2: 606 daAuts
     D:3: 3 daAuts
